 Dungeon Crawl Stone Soup version 0.30-a0-591-g3c58d2bc28 (webtiles) character file.

Game seed: 6320889168772470509

136 kae the Changer (level 4, -2/32 HPs)
             Began as a Demonspawn Transmuter on Jan 5, 2023.
             Slain by a gnoll
             ... wielding a +0 flail
              (8 damage)
             ... on level 2 of the Dungeon.
             The game lasted 00:02:39 (1800 turns).

kae the Changer (Demonspawn Transmuter)             Turns: 1800, Time: 00:02:40

Health: -2/32      AC:  3    Str: 10    XL:     4   Next: 98%
Magic:  8/8        EV: 12    Int: 17    God:
Gold:   134        SH:  0    Dex: 16    Spells: 2/8 levels left

rFire   + . .      SeeInvis .    n - +9 spear of Iguol {venom, *Corrode rF+ Dex+3}
rCold   . . .      Faith    .    (no shield)
rNeg    . . .      Spirit   .    a - +0 robe
rPois   .          Reflect  .    (no helmet)
rElec   .          Harm     .    (no cloak)
rCorr   .          Rampage  .    (no gloves)
Will    .....                    e - +0 pair of boots
Stlth   +                        (no amulet)
HPRegen 0.25/turn                (no ring)
MPRegen 0.22/turn                (no ring)

@: no status effects
A: magic regeneration, demonic magic 1
a: no special abilities


You were on level 2 of the Dungeon.
You visited 1 branch of the dungeon, and saw 3 of its levels.

You collected 134 gold pieces.


Innate Abilities, Weirdness & Mutations

You regenerate magic rapidly.
Spells you cast may paralyse adjacent enemies.


   Skills:
 - Level 1.0 Fighting
 - Level 1.7 Dodging
 + Level 3.3 Unarmed Combat
 + Level 2.7 Spellcasting
 * Level 3.4 Transmutations
 - Level 1.5 Poison Magic


You had 2 spell levels left.
You knew the following spells:

 Your Spells              Type           Power      Damage    Failure   Level
a - Beastly Appendage     Tmut           26%        N/A       4%          1
b - Wereblood             Tmut           13%        N/A       7%          2
c - Spider Form           Tmut/Pois      10%        N/A       21%         3

Your spell library contained the following spells:

 Spells                   Type           Power      Damage    Failure   Level
 Inner Flame              Hex/Fire       2%         N/A       47%         3
 Ice Form                 Ice/Tmut       8%         N/A       65%         4
 Cause Fear               Hex            1%         N/A       87%         4
 Discord                  Hex            1%         N/A       100%        8

Inventory:

Hand Weapons
 n - the +9 spear of Iguol (weapon) {venom, *Corrode rF+ Dex+3}
   (You found it on level 2 of the Dungeon)

   Dex:       It affects your dexterity (+3).
   rF:        It protects you from fire.
   *Corrode:  It may corrode you when you take damage.
Missiles
 h - 24 stones
 m - 5 boomerangs
Armour
 a - a +0 robe (worn)
 e - a +0 pair of boots (worn)
   (You found it on level 1 of the Dungeon)
Wands
 j - a wand of charming (6)
   (You found it on level 2 of the Dungeon)
 p - a wand of flame (9)
   (You took it off Ijyb on level 3 of the Dungeon)
Scrolls
 c - a scroll of poison {unknown}
 k - 2 scrolls of teleportation {@r4}
 l - 3 scrolls of noise {unknown}
 o - a scroll of immolation {unknown}
Potions
 b - 2 potions of lignification {!q}
 d - a potion of degeneration {!q}
 f - 4 potions of curing {@q1}
 g - 3 potions of cancellation
 i - a potion of invisibility

Dungeon Overview and Level Annotations

Branches:
Dungeon (3/15) Zot: 16200

Altars:

#..## #...............######
#.######...................##
#####.#................)........#
##...>..########.................
....#########..#.................
##### ###...'..#.................
# #...######.................
###...............[..........
###....####..g@................
###......##>.....................
....##..>...)..................#.
#.####...##.........###..........
#..###...##.#.......##..#........
##...#####.........###..#..<.....
####.####...#.###### #..#........
#.............# #..######...
#........รท...## #..#### ###.


You could see a gnoll (very poisoned).


Message History

No target in view!
No target in view!
There is a stone staircase leading down here.
You climb downwards.
There is a stone staircase leading up here.
Unknown command. ๐Ÿ˜• HP[+1] Unknown command.
You see here a +0 dagger.
An orc comes into view. It is wielding a +0 flail.
The orc shouts! ๐Ÿ˜Ž HP[+3]
Your hp is fully restored (32).
Unknown command.
An orc is nearby!
Unknown command.
An orc is nearby!
Casting: Spider Form (quite dangerous; 21% risk of failure)
Confirm with . or Enter, or press ? or * to list all spells.
You miscast Beastly Appendage.
You are very lightly contaminated with residual magic.
Nothing appears to happen.
An endoplasm comes into view. ๐Ÿ˜Ž MP[-1]
You lost 1 mp, and now have 7/8 mp.
Casting: Beastly Appendage (safe; 4% risk of failure)
Confirm with . or Enter, or press ? or * to list all spells.
You grow a pair of large bovine horns.
Your feet morph into talons.
Your +0 pair of boots melds into your body.
Malevolent energies surge around you.
An orc comes into view. It is wielding a +0 flail. ๐Ÿ˜Ž MP[-1]
You lost 1 mp, and now have 6/8 mp.
The orc shouts!
You hear a shout!
An orc comes into view.
It is wielding a +0 falchion. ๐Ÿ˜Ž MP[+1]
You reach to attack!
You hit the orc.
The orc is poisoned.
The orc suddenly curses.
You hit the orc.
You kill the orc!
An orc priest and a gnoll come into view.
The orc priest shouts!
Your magical contamination has completely faded away.
Things that are here:
a +0 flail; a potion of curing {@q1} You reach to attack!
You closely miss the orc.
The gnoll shouts!
You hit the orc.
The orc is poisoned.
Your headbutt misses the orc. The orc misses you.
You puncture the orc!
You kill the orc! ๐Ÿ˜Ž MP[+1]
Your mp is fully restored (8).
You hit the endoplasm. You claw the endoplasm.
You kill the endoplasm!
Your transformation is almost over.
A gnoll comes into view. It is wielding a +0 club.
You hit the orc.
The orc is poisoned.
The orc priest drinks a potion.
The orc priest suddenly seems more resistant.
You closely miss the orc. You headbutt the orc, but do no damage.
The orc priest looks encouraged for a moment.
The orc barely misses you.
You closely miss the orc.
The orc priest mumbles some strange prayers to Beogh against you.
Beogh smites you! The orc barely misses you. ๐Ÿ˜ฎ HP[-9]
You take 9 damage, and now have 23/32 hp.
MASSIVE DAMAGE!! (PAUSE)
The gnoll attacks as you move away! The gnoll closely misses you.
You kill the orc!
You see here a +0 dagger. ๐Ÿ˜ฎ HP[+1]
Your horns disappear.
Your talons disappear.
Your +0 pair of boots unmelds from your body. ๐Ÿ˜• HP[+1]
The gnoll attacks as you move away!
The gnoll barely misses you. ๐Ÿ˜• HP[+1]
The gnoll attacks as you move away! The gnoll barely misses you.
The orc priest mumbles some strange prayers to Beogh against you.
Beogh smites you!
* * * LOW HITPOINT WARNING * * *
The gnoll attacks as you move away! The gnoll closely misses you.
There is a stone staircase leading up here. ๐Ÿ˜จ HP[-10]
You take 10 damage, and now have 16/32 hp.
MASSIVE DAMAGE!! (PAUSE)
The gnoll hits you with a +0 flail!
* * * LOW HITPOINT WARNING * * *
The orc priest looks braver for a moment.
You climb upwards.
There is a stone staircase leading down here.
Unknown command. ๐Ÿ˜ฑ HP[-10]
You take 10 damage, and now have 6/32 hp.
MASSIVE DAMAGE!! (PAUSE)
You hit the gnoll but do no damage. The gnoll closely misses you.
You puncture the gnoll!
The gnoll is poisoned.
The gnoll hits you with a +0 flail!
You die...

Skill      XL: |  1  2  3  4 |
---------------+-------------+-----
Transmutations | 2 3 |  3.4
Unarmed Combat | 3 |  3.3
Poison Magic   | 1 |  1.5
Fighting       | |  1.0
Dodging        | |  1.7
Spellcasting   | |  2.7

Action                   |  1- 3 |  4- 6 || total
-------------------------+-------+-------++-------
Melee: Unarmed           |   122 |       ||   122
       Kick              |    21 |     1 ||    22
       Headbutt          |     5 |     1 ||     6
       Punch             |     1 |     1 ||     2
       Spear             |       |    41 ||    41
 Cast: Beastly Appendage |    20 |     1 ||    21
       Spider Form       |     2 |       ||     2
  Use: Scroll            |     7 |     1 ||     8
 Stab: Paralysed         |     2 |       ||     2
       Sleeping          |       |     1 ||     1
Armor: Robe              |    25 |     6 ||    31
       Skin              |     1 |       ||     1
Dodge: Dodged            |    87 |    21 ||   108

Levels and vault maps discovered:
D:1:      minmay_arrival_cross, layout_basic
D:2:      layout_rooms, minmay_misc_feat_columns, supply_closet_lemuel
D:3:      layout_basic, nicolae_qazlal_eye_of_the_storm, uniq_ijyb

Notes
Turn   | Place    | Note
-------+----------+-------------------------------------------
     0 | D:1      | kae the Demonspawn Transmuter began the quest for the Orb.
     0 | D:1      | Reached XP level 1. HP: 15/15 MP: 3/3
     0 | D:1      | magus.rc [v1.11.3]
    79 | D:1      | Reached skill level 2 in Transmutations
    92 | D:1      | Gained mutation: Spells you cast may paralyse adjacent
                  | enemies. [demonic ancestry]
    92 | D:1      | Reached XP level 2. HP: 8/21 MP: 3/5
   604 | D:1      | Reached skill level 3 in Unarmed Combat
   773 | D:1      | Gained mutation: You regenerate magic rapidly. [demonic
                  | ancestry]
   773 | D:1      | Reached XP level 3. HP: 24/26 MP: 4/6
   776 | D:1      | Learned a level 2 spell: Wereblood
   780 | D:1      | Learned a level 3 spell: Spider Form
   999 | D:2      | You pick up a book of Hexes and begin reading...
   999 | D:2      | You add the spells Inner Flame, Cause Fear and Discord to
                  | your library.
  1271 | D:2      | Reached skill level 1 in Poison Magic
  1307 | D:2      | Reached XP level 4. HP: 28/32 MP: 4/7
  1407 | D:2      | Identified the +9 spear of Iguol {venom, *Corrode rF+
                  | Dex+3}
  1517 | D:3      | Noticed Ijyb
  1525 | D:3      | Killed Ijyb
  1526 | D:3      | Reached skill level 3 in Transmutations
  1644 | D:3      | HP: 4/32 [gnoll/+0 halberd (7)]
  1797 | D:3      | HP: 5/32 [gnoll/+0 flail (11)]
  1800 | D:2      | Slain by a gnoll

Vanquished Creatures
  Ijyb (D:3)
  2 gnolls
  An adder (D:2)
  3 worms
  2 dart slugs
  3 orcs (D:3)
  8 ball pythons
  6 endoplasms
  4 giant cockroaches
  6 goblins
  5 hobgoblins
  2 jackals (D:3)
  9 bats
  4 frilled lizards
  7 kobolds
  3 rats
66 creatures vanquished.

Table legend:
 A = Non-vault XP
 B = Vault XP
 C = Vault XP percentage of total XP
 D = Non-vault monster count
 E = Vault monster count
 F = Vault count percentage of total count
                 A         B        C        D         E       F
            +---------+---------+-------+---------+---------+-------
      Total |     160 |      35 |  17.9 |      65 |       1 |   1.5
            +---------+---------+-------+---------+---------+-------
        D:1 |      47 |       0 |   0.0 |      28 |       0 |   0.0
        D:2 |      66 |       0 |   0.0 |      21 |       0 |   0.0
        D:3 |      47 |      35 |  42.7 |      16 |       1 |   5.9
            +---------+---------+-------+---------+---------+-------

Illustrated notes

Table legend:
 A = Kills in this place as a percentage of kills in entire the game.
 B = Kills by you in this place as a percentage of kills by you in the entire game.
 C = Kills by friends in this place as a percentage of kills by friends in the entire game.
 D = Other kills in this place as a percentage of other kills in the entire game.
 E = Experience gained in this place as a percentage of experience gained in the entire game.
 F = Experience gained in this place divided by the number of levels of this place that you have seen.
                   A       B       C       D       E      F
               +-------+-------+-------+-------+-------+----------------------
         Total | 100.0 | 100.0 |   N/A |   N/A | 100.0 |  65.0
       Dungeon | 100.0 | 100.0 |   N/A |   N/A | 100.0 |  65.0
               +-------+-------+-------+-------+-------+----------------------

Table legend: (Time is in decaauts)
 A = Elapsed time spent in this place.
 B = Non-inter-level travel time spent in this place.
 C = Inter-level travel time spent in this place.
 D = Time resting spent in this place.
 E = Time spent auto-exploring this place.
 F = Levels seen in this place.
 G = Mean time per level.
                   A        B        C        D        E       F      G
               +--------+--------+--------+--------+--------+-----+--------+
         Total |   1798 |   1729 |     69 |      7 |   1265 |   3 |  599.3 |
       Dungeon |   1798 |   1729 |     69 |      7 |   1265 |   3 |  599.3 |
               +--------+--------+--------+--------+--------+-----+--------+

Top non-repeatable levels by time:
     D:1: 864 daAuts
     D:2: 658 daAuts
     D:3: 276 daAuts
